 Dungeon Crawl Stone Soup version 0.28-a0-706-gf6f64a616a (webtiles) character file.

Game seed: 2138188622744691521

68 KoroneIsBestGirl the Skirmisher (level 4, -5/38 HPs)
             Began as a Barachi Fighter on Oct 24, 2021.
             Slain by a gnoll (9 damage)
             ... on level 3 of the Dungeon.
             The game lasted 00:01:16 (1466 turns).

KoroneIsBestGirl the Skirmisher (Barachi Fighter)   Turns: 1466, Time: 00:01:17

Health: -5/38      AC:  7    Str: 19    XL:     4   Next: 19%
Magic:  4/4        EV:  9    Int:  8    God:
Gold:   72         SH:  4    Dex: 11    Spells: 3/3 levels left

rFire   . . .      SeeInvis .   a - +0 long sword
rCold   . . .      Faith    .   c - +0 buckler
rNeg    . . .      Spirit   .   b - +0 scale mail
rPois   .          Reflect  .   (no helmet)
rElec   .          Harm     .   (no cloak)
rCorr   .          Rampage  .   (no gloves)
Will    .....                   (no boots)
Stlth   ..........              (no amulet)
HPRegen 0.12/turn               (no ring)
MPRegen 0.09/turn               (no ring)

@: slow
A: amphibious, slowness 1, strong legs 1, +LOS
a: Hop


You were on level 3 of the Dungeon.
You visited 1 branch of the dungeon, and saw 3 of its levels.

You collected 72 gold pieces.

Inventory:

Hand Weapons
 a - a +0 long sword (weapon)
Armour
 b - a +0 scale mail (worn)
 c - a +0 buckler (worn)
Scrolls
 e - 3 scrolls of identify {unknown}
 f - a scroll of magic mapping {unknown}
 g - 2 scrolls of teleportation {unknown}
 i - a scroll of torment {unknown}
Potions
 d - 3 potions of might
 h - a potion of degeneration {unknown}


   Skills:
 + Level 4.3 Fighting
 + Level 3.3 Long Blades
 + Level 4.2 Armour
 + Level 4.0 Shields


You had 3 spell levels left.
You didn't know any spells.
Your spell library contained the following spells:

 Spells                   Type           Power      Damage    Failure   Level
 Corpse Rot               Necr/Air       0%         N/A       88%         2
 Poisonous Vapours        Pois/Air       0%         N/A       88%         2


Dungeon Overview and Level Annotations

Branches:
Dungeon (2/15)

Altars:


Innate Abilities, Weirdness & Mutations

You are amphibious.
You cover ground slowly.
You can hop short distances.
You have an extended range of vision and can be seen from far away.


Message History

You hit the gnoll.
The gnoll is moderately wounded.
You block the gnoll's attack. The gnoll hits you with a +0 whip.
* * * LOW HITPOINT WARNING * * *
You closely miss the gnoll.
The gnoll is moderately wounded.
The gnoll barely misses you.
You hit the gnoll.
The gnoll is heavily wounded.
You block the gnoll's attack.
You hit the gnoll.
The gnoll is almost dead.
The gnoll completely misses you.
You slash the gnoll!
You kill the gnoll!
Your Shields skill increases to level 4!
You hit the gnoll.
The gnoll is lightly wounded.
The gnoll barely misses you.
You hit the gnoll.
The gnoll is heavily wounded.
The gnoll hits you with a +0 flail.
You barely miss the gnoll.
The gnoll is heavily wounded.
The gnoll hits you with a +0 flail!
* * * LOW HITPOINT WARNING * * *
The gnoll barely misses you.
You hit the gnoll.
The gnoll is severely wounded.
The gnoll closely misses you.
You barely miss the gnoll.
The gnoll is severely wounded.
The gnoll closely misses you.
You closely miss the gnoll.
The gnoll is severely wounded.
The gnoll hits you but does no damage.
You hit the gnoll.
The gnoll is severely wounded.
The gnoll hits you with a +0 flail!
You die...

##### ##.... ##..... #......
########## #......
.........##################......
########........@g...............
#############.............
....>....######....(. ##########
##..... ##.... ##### # # .....


You could see a gnoll.

Vanquished Creatures
  An adder (D:1)
  2 gnolls (D:3)
  A dart slug (D:1)
  An endoplasm (D:1)
  2 giant cockroaches (D:1)
  5 hobgoblins
  7 jackals
  3 kobolds
  A quokka (D:2)
  3 ball pythons
  3 bats (D:1)
  A frilled lizard (D:1)
  6 rats
36 creatures vanquished.

Notes
Turn   | Place    | Note
-------+----------+-------------------------------------------
     0 | D:1      | KoroneIsBestGirl the Barachi Fighter began the quest for
                  | the Orb.
     0 | D:1      | Reached XP level 1. HP: 18/18 MP: 1/1
   449 | D:1      | Reached XP level 2. HP: 25/25 MP: 2/2
  1012 | D:1      | Reached XP level 3. HP: 30/30 MP: 3/3
  1370 | D:2      | You fall into a shaft and drop 1 floor!
  1451 | D:3      | Reached XP level 4. HP: 17/37 MP: 4/4
  1466 | D:3      | Slain by a gnoll

Illustrated notes

Levels and vault maps discovered:
D:1:      minmay_arrival_arboretum_small, layout_loops_corners, serial_rivers,
          chequers_serial_rivers_small_a, chequers_serial_rivers_micro_b,
          chequers_serial_rivers_micro_d, chequers_serial_rivers_room_b,
          serial_bayou_pond_b
D:2:      layout_basic
D:3:      layout_rooms, serial_glass, glass_columns_a, glass_columns_a,
          cheibrodos_gnoll_hut

Skill      XL: |  1  2  3  4 |
---------------+-------------+-----
Fighting       | 4 |  4.3
Armour         | 4 |  4.2
Long Blades    | 3 |  3.3
Shields        | 4 |  4.0

Action                   |  1- 3 |  4- 6 || total
-------------------------+-------+-------++-------
Melee: Long sword        |   114 |    16 ||   130
 Abil: Hop               |     2 |       ||     2
Armor: Scale mail        |    63 |     3 ||    66
Dodge: Dodged            |    43 |     8 ||    51
Block: Buckler           |    29 |     2 ||    31

Table legend: (Time is in decaauts)
 A = Elapsed time spent in this place.
 B = Non-inter-level travel time spent in this place.
 C = Inter-level travel time spent in this place.
 D = Time resting spent in this place.
 E = Time spent auto-exploring this place.
 F = Levels seen in this place.
 G = Mean time per level.
                   A        B        C        D        E       F      G
               +--------+--------+--------+--------+--------+-----+--------+
         Total |   1695 |   1634 |     61 |      0 |   1322 |   3 |  565.0 |
       Dungeon |   1695 |   1634 |     61 |      0 |   1322 |   3 |  565.0 |
               +--------+--------+--------+--------+--------+-----+--------+

Top non-repeatable levels by time:
     D:1: 1211 daAuts
     D:2: 367 daAuts
     D:3: 116 daAuts
